 Dungeon Crawl Stone Soup version 0.29-a0-271-gd4eb659eea (webtiles) character file.

Game seed: 8833742486606549453

2093 quinnr the Zephyrmancer (level 9, -8/50 HPs)
             Began as a Tengu Air Elementalist on Feb 2, 2022.
             Was an Initiate of Vehumet.
             Mangled by an orc warrior
             ... wielding a +0 long sword
              (21 damage)
             ... on level 8 of the Dungeon on Mar 9, 2022.
             The game lasted 01:00:33 (12929 turns).

quinnr the Zephyrmancer (Tengu Air Elementalist)   Turns: 12929, Time: 01:00:33

Health: -8/50      AC:  5    Str:  8    XL:     9   Next: 27%
Magic:  3/17       EV: 15    Int: 21    God:    Vehumet [......]
Gold:   178        SH:  0    Dex: 14    Spells: 13/18 levels left

rFire   . . .      SeeInvis .   C - +0 long sword (elec)
rCold   + . .      Faith    .   (no shield)
rNeg    . . .      Spirit   .   l - +2 leather armour {rC+}
rPois   .          Reflect  .   (helmet restricted)
rElec   .          Harm     .   (no cloak)
rCorr   .          Rampage  .   (no gloves)
Will    .....                   (boots unavailable)
Stlth   ++........              (no amulet)
HPRegen 0.16/turn               (no ring)
MPRegen 0.15/turn               (no ring)

@: flying quickly and evasively, quick
A: beak, talons 3, nimble flight
a: Renounce Religion


You were on level 8 of the Dungeon.
You worshipped Vehumet.
Vehumet was noncommittal.
You visited 2 branches of the dungeon, and saw 9 of its levels.

You collected 268 gold pieces.
You spent 90 gold pieces at shops.

Inventory:

Hand Weapons
 C - a +0 long sword of electrocution (weapon)
Armour
 a - a +0 robe
 k - an orb of mayhem
 l - a +2 leather armour of cold resistance (worn)
Wands
 o - a wand of iceblast (23)
 r - a wand of flame (24)
 u - a wand of paralysis (5)
 A - a wand of charming (2)
Scrolls
 d - a scroll of torment {unknown}
 g - a scroll of fog
 n - 2 scrolls of summoning {unknown}
 p - 2 scrolls of vulnerability
 q - a scroll of amnesia {unknown}
 t - 2 scrolls of fear {unknown}
 x - 3 scrolls of teleportation {unknown}
 y - a scroll of blinking {unknown}
 B - a scroll of magic mapping {unknown}
 E - a scroll of holy word {unknown}
 F - a scroll of noise {unknown}
Potions
 b - 3 potions of resistance {unknown}
 c - a potion of curing
 e - 2 potions of haste
 f - a potion of attraction
 h - 2 potions of might
 i - 3 potions of mutation
 j - a potion of ambrosia
 m - 2 potions of berserk rage
 s - 2 potions of lignification
 v - 2 potions of flight
 w - a potion of cancellation
 z - a potion of heal wounds
 D - a potion of brilliance {unknown}


   Skills:
 + Level 3.0 Fighting
 - Level 3.0 Armour
 + Level 4.0 Dodging
 + Level 3.0 Stealth
 - Level 5.0 Spellcasting
 - Level 1.3 Conjurations
 - Level 12.0 Air Magic
 - Level 2.0 Evocations


You had 13 spell levels left.
You knew the following spells:

 Your Spells              Type           Power      Damage    Failure   Level
a - Shock                 Conj/Air       100%       1d9       1%          1
b - Airstrike             Air            26%        N/A       1%          4

Your spell library contained the following spells:

 Spells                   Type           Power      Damage    Failure   Level
 Static Discharge         Conj/Air       33%        N/A       1%          2
 Swiftness                Air            53%        N/A       1%          3
 Beastly Appendage        Tmut           10%        N/A       16%         1
 Ensorcelled Hibernation  Hex/Ice        10%        N/A       22%         2
 Passwall                 Tmut/Erth      4%         N/A       22%         2
 Wereblood                Tmut           5%         N/A       22%         2
 Spider Form              Tmut/Pois      5%         N/A       41%         3


Dungeon Overview and Level Annotations

Branches:
Dungeon (8/15)             Temple (1/1) D:6            Lair (0/6) D:8

Altars:
Ashenzari
Cheibriados
Dithmenos
Elyvilon
Fedhas
Gozag
Hepliaklqana
Kikubaaqudgha
Makhleb
Nemelex Xobeh
Okawaru
Qazlal
Ru
Sif Muna
Trog
Uskayaw
Vehumet
Wu Jian
Xom
Yredelemnul
Zin
The Shining One

Shops:
D:4 (

Annotations:
D:4 3 runed translucent doors, HilariousDeathArtist's ghost, novice DjMo; horus123's ghost, amateur MfVM; innerfire433's ghost, amateur DsMo; spaghetti's ghost, amateur OpCj


Innate Abilities, Weirdness & Mutations

You have a beak for a mouth.
You have claws for feet.
Your magical nature lets you fly swiftly and evasively.


Message History

The zap misses the orc warrior.
The zap hits the orc priest!
You kill the orc priest!
Vehumet accepts your kill.
The zap hits the orc warrior.
The orc warrior is severely wounded.
The orc warrior hits you with a +0 long sword!
Unknown command.
Casting: Shock (safe; 1% risk of failure)
Confirm with . or Enter, or press ? or * to list all spells.
Aiming: Shock (safe; 1% risk of failure)
Press: ? - help, Shift-Dir - straight line The zap hits the orc warrior but does no damage.
The orc warrior is severely wounded.
The zap misses the orc warrior.
The orc warrior closely misses you.
Unknown command.
Casting: Shock (safe; 1% risk of failure)
Confirm with . or Enter, or press ? or * to list all spells.
Aiming: Airstrike (dangerous; 1% risk of failure)
Press: ? - help, Dir - move target, f - orc warrior
Aim: an orc warrior, wielding a +0 long sword and wearing a +0 plate armour (severely wounded, empty space bonus: 2/8)
The air twists around and strikes the orc warrior.
The orc warrior is severely wounded.
Unknown command.
Casting: Airstrike (dangerous; 1% risk of failure)
Confirm with . or Enter, or press ? or * to list all spells.
Aiming: Airstrike (dangerous; 1% risk of failure)
Press: ? - help, Dir - move target, f/p - orc warrior
Aim: an orc warrior, wielding a +0 long sword and wearing a +0 plate armour (severely wounded, empty space bonus: 1/8)
The air twists around and strikes the orc warrior but does no damage.
The orc warrior hits you with a +0 long sword!
* * * LOW HITPOINT WARNING * * *
Your magical contamination has completely faded away.
The orc warrior attacks as you move away!
The orc warrior hits you but does no damage.
The orc warrior attacks as you move away!
The orc warrior closely misses you.
You see here a black bear corpse.
The orc warrior attacks as you move away!
The orc warrior hits you with a +0 long sword!!
You die...

#.##)###.# #.##.# #.##.#
#.##.# #.##.# #.##.#
#######.##.#
####.......o..#
........##@##.# #####
.###.#...#.##.## #....
.......#...##..########.###
...#.#...####........##.#
........#####....##..##.#
^....##..........##..##.#
.#.## #.#...........(...###
#. #.#..##.#..##....#...
#.##.##..#.##.#....#.


You could see an orc warrior.

Vanquished Creatures
  2 steam dragons
  A water moccasin (D:7)
  An orc warrior (D:8)
  2 sky beasts
  A black bear (D:8)
  A centaur (D:7)
  A phantom (D:6)
  A kobold brigand (D:6)
  A necrophage (D:7)
  A bullfrog (D:7)
  3 scorpions
  A wight (D:8)
  2 howler monkeys
  2 hounds (D:5)
  7 orc priests
  A jelly (D:5)
  3 iguanas
  3 orc wizards
  Robin (D:4)
  A gnoll (D:6)
  4 adders
  A shadow imp (D:7)
  3 white imps
  An ufetubus (D:5)
  3 worms
  A dart slug (D:1)
  24 orcs
  10 ball pythons
  5 bats
  7 endoplasms
  4 giant cockroaches
  18 goblins
  5 hobgoblins
  9 jackals
  A quokka (D:2)
  10 frilled lizards
  10 kobolds
  10 rats
162 creatures vanquished.

Vanquished Creatures (others)
  6 fungi (D:8)
  17 plants
  2 withered plants (D:4)
25 creatures vanquished.

Grand Total: 187 creatures vanquished

Notes
Turn   | Place    | Note
-------+----------+-------------------------------------------
     0 | D:1      | quinnr the Tengu Air Elementalist began the quest for the
                  | Orb.
     0 | D:1      | Reached XP level 1. HP: 10/10 MP: 4/4
     3 | D:1      | Upgraded the game from 0.29-a0-40-g8eb35efe60 to
                  | 0.29-a0-90-gc37658a0fe
    71 | D:1      | Reached XP level 2. HP: 7/15 MP: 0/6
   826 | D:1      | Reached XP level 3. HP: 19/19 MP: 2/8
  1170 | D:1      | Found a faded altar of an unknown god.
  1231 | D:1      | Reached skill level 5 in Air Magic
  1993 | D:2      | Reached XP level 4. HP: 4/24 MP: 3/9
  2882 | D:2      | Learned a level 4 spell: Airstrike
  3033 | D:3      | Reached skill level 6 in Air Magic
  3217 | D:3      | quinnr: ??mayhem
  3217 | D:3      | beem: orb of mayhem[1/1]: Whenever you kill something while
                  | wearing this, there's a 50% chance that one monster that
                  | can see both you & your victim will {frenzy}. They go
                  | neutral, attacking whatever's nearest them, and get
                  | haste+might. Ally kills, reflection etc work too. Allies
                  | can be frenzied.
  3571 | D:3      | Gained mutation: Your magical nature lets you fly swiftly
                  | and evasively. [Tengu growth]
  3571 | D:3      | Reached XP level 5. HP: 28/28 MP: 8/10
  4023 | D:2      | Upgraded the game from 0.29-a0-90-gc37658a0fe to
                  | 0.29-a0-271-gd4eb659eea
  4231 | D:4      | Found a runed translucent gate.
  4231 | D:4      | Found a runed translucent gate.
  4231 | D:4      | Found a runed translucent gate.
  4318 | D:4      | Noticed HilariousDeathArtist's ghost (novice DjMo)
  4320 | D:4      | Noticed spaghetti's ghost (amateur OpCj)
  4322 | D:4      | Noticed horus123's ghost (amateur MfVM)
  4322 | D:4      | Noticed innerfire433's ghost (amateur DsMo)
  4846 | D:4      | Found Lyakkit's Weapon Shoppe.
  5134 | D:4      | Found Zin's Purification Station.
  5140 | D:4      | Found a glowing silver altar of Zin.
  5143 | D:4      | Bought a potion of curing for 90 gold pieces
  5644 | D:4      | Noticed Robin
  6121 | D:4      | Reached skill level 1 in Fighting
  6123 | D:4      | Reached skill level 7 in Air Magic
  6123 | D:4      | HP: 1/29 [Robin/+2 vorpal spear (2)]
  6124 | D:4      | Killed Robin
  6912 | D:5      | Entered Level 5 of the Dungeon
  6926 | D:5      | Reached XP level 6. HP: 34/34 MP: 1/11
  7791 | D:5      | Reached skill level 1 in Evocations
  7791 | D:5      | Reached XP level 7. HP: 14/40 MP: 1/13
  8130 | D:5      | Reached skill level 8 in Air Magic
  8802 | D:6      | Reached skill level 1 in Armour
  8845 | D:6      | Noticed a steam dragon
  9076 | D:5      | Killed a steam dragon
  9357 | D:6      | Found a staircase to the Ecumenical Temple.
  9574 | D:6      | Reached XP level 8. HP: 40/45 MP: 7/15
  9593 | D:6      | Reached skill level 9 in Air Magic
  9765 | Temple   | Entered the Ecumenical Temple
 10103 | Temple   | Became a worshipper of Vehumet
 10990 | D:7      | Reached skill level 10 in Air Magic
 11105 | D:7      | HP: 3/46 [centaur/arrow (7)]
 11671 | D:7      | Reached skill level 5 in Spellcasting
 11982 | D:7      | Reached XP level 9. HP: 50/50 MP: 7/17
 12264 | D:8      | Reached skill level 11 in Air Magic
 12446 | D:8      | Found a staircase to the Lair.
 12866 | D:8      | Reached skill level 12 in Air Magic
 12929 | D:8      | Mangled by an orc warrior

Illustrated notes

Levels and vault maps discovered:
D:1:      lightli_arrival_boilingwater, layout_basic,
          dreamdust_ecumenical_altar_angels_and_demons
D:2:      layout_loops_ring, minmay_lizard_king
D:3:      layout_basic, st_stairs_7
D:4:      kennysheep_goblin_castle, layout_basic, zin_purify,
          gammafunk_ghost_cemetery, serial_shops, kennysheep_mini_moat,
          serial_bayou_ford_a
D:5:      layout_gridville, kennysheep_generic_room_14
D:6:      layout_loops_ring, minmay_temple_entry_tees, minmay_crossroads
D:7:      layout_basic, minmay_misc_feat_plants
D:8:      layout_loops_ring, dpeg_oklobed_lair,
          hangedman_abyss_or_decor_lesser_grid, kennysheep_boxes
Temple:   regret_index_temple_sigil_plot

Skill      XL: |  1  2  3  4  5  6  7  8  9 |
---------------+----------------------------+-----
Air Magic      | 5 6 7 8 10 12 | 12.0
Spellcasting   | 3 4 5 |  5.0
Fighting       | 1 2 3 |  3.0
Stealth        | 3 |  3.0
Evocations     | 1 2 |  2.0
Armour         | 1 3 |  3.0
Dodging        | 3 4 |  4.0
Conjurations   | |  1.3

Action                   |  1- 3 |  4- 6 |  7- 9 || total
-------------------------+-------+-------+-------++-------
Melee: Unarmed           |     7 |     1 |     5 ||    13
       Kick              |     4 |     1 |     2 ||     7
       Peck              |     1 |       |     1 ||     2
       Long sword        |       |       |     3 ||     3
       Punch             |       |       |     1 ||     1
 Cast: Shock             |    85 |   180 |   120 ||   385
       Airstrike         |       |     6 |    34 ||    40
Evoke: Wand              |       |     1 |     3 ||     4
  Use: Potion            |       |     1 |     2 ||     3
       Scroll            |       |     4 |     7 ||    11
Armor: Robe              |     4 |     7 |       ||    11
       Leather armour    |       |       |     9 ||     9
Dodge: Dodged            |    13 |    25 |    47 ||    85

Table legend: (Time is in decaauts)
 A = Elapsed time spent in this place.
 B = Non-inter-level travel time spent in this place.
 C = Inter-level travel time spent in this place.
 D = Time resting spent in this place.
 E = Time spent auto-exploring this place.
 F = Levels seen in this place.
 G = Mean time per level.
                   A        B        C        D        E       F      G
               +--------+--------+--------+--------+--------+-----+--------+
         Total |  12474 |  11899 |    575 |   2433 |   8272 |   9 | 1386.0 |
       Dungeon |  11966 |  11435 |    531 |   2433 |   7823 |   8 | 1495.8 |
        Temple |    508 |    464 |     44 |      0 |    449 |   1 |  508.0 |
               +--------+--------+--------+--------+--------+-----+--------+

Top non-repeatable levels by time:
     D:4: 2755 daAuts
     D:5: 1591 daAuts
     D:2: 1533 daAuts
     D:6: 1486 daAuts
     D:1: 1444 daAuts
     D:3: 1406 daAuts
     D:7: 1330 daAuts
  Temple: 508 daAuts
     D:8: 417 daAuts
